 Dungeon Crawl Stone Soup version 0.21-a0-528-gf531e82 (webtiles) character file.

10140 Nirn the Severer (level 11, -2/81 HPs)
             Began as a Demigod Fighter on Dec 8, 2017.
             Succumbed to Sonja's poison
             ... on level 10 of the Dungeon.
             The game lasted 00:53:31 (10013 turns).

Nirn the Severer (Demigod Fighter)                 Turns: 10013, Time: 00:53:32

Health: -2/81      AC: 22    Str: 25    XL:     11   Next: 11%
Magic:  14/14      EV:  6    Int: 17    God:
Gold:   200        SH:  0    Dex: 15    Spells: 10/10 levels left

rFire    . . .     SeeInvis .   a - +2 war axe
rCold    . . .     Gourm    .   (no shield)
rNeg     . . .     Faith    .   t - +0 plate armour
rPois    .         Spirit   .   x - +0 helmet
rElec    .         Reflect  .   J - scarf {repulsion}
rCorr    .         Harm     .   y - +2 pair of gloves
MR       +....                  P - +2 pair of boots
Stlth    ..........             l - amulet of regeneration
HPRegen  0.63/turn              R - +5 ring of slaying
MPRegen  0.14/turn              I - +4 ring of protection

@: brilliant, lethally poisoned (-2 -> -73), slowed, repel missiles, very slow
A: high mp 1
a: no special abilities


You were on level 10 of the Dungeon.
You were very hungry.

You visited 1 branch of the dungeon, and saw 10 of its levels.

You collected 506 gold pieces.
You spent 306 gold pieces at shops.

Inventory:

Hand Weapons
 a - a +2 war axe (weapon)
 v - a +4 spear
 H - a +5 battleaxe
Missiles
 w - 11 javelins (quivered)
Armour
 b - a +1 hat of see invisible
 c - a +0 shield
 h - a +1 ring mail of fire resistance
 t - a +0 plate armour (worn)
 x - a +0 helmet (worn)
 y - a +2 pair of gloves (worn)
 C - a +2 cloak
 J - a scarf of repulsion (worn)
 P - a +2 pair of boots (worn)
Jewellery
 l - an amulet of regeneration (around neck)
 q - an uncursed ring of protection from fire
 D - an uncursed ring of protection from cold
 I - a +4 ring of protection (right hand)
 R - a +5 ring of slaying (left hand)
Wands
 p - a wand of digging (18)
Scrolls
 e - 2 scrolls of blinking
 j - 3 scrolls of fog
 n - 2 scrolls of teleportation
 G - a scroll of magic mapping
 K - a scroll of identify
 M - 2 scrolls of fear
 O - a scroll of remove curse
Potions
 d - a potion of might
 i - a potion of haste
 k - 5 potions of curing
 m - 2 potions of cancellation {unknown}
 o - a potion of brilliance
 r - a potion of heal wounds
 s - a potion of magic
Books
 u - a book of Air

   Spells                             Type                      Level
   a - Shock                          Conjuration/Air              1
   b - Swiftness                      Charms/Air                   2
   c - Static Discharge               Conjuration/Air              3
   d - Airstrike                      Air                          4
   e - Lightning Bolt                 Conjuration/Air              5
 A - a book of Minor Magic

   Spells                             Type                      Level
   a - Magic Dart                     Conjuration                  1
   b - Blink                          Translocation                2
   c - Call Imp                       Summoning                    2
   d - Slow                           Hexes                        2
   e - Conjure Flame                  Conjuration/Fire             3
   f - Mephitic Cloud                 Conjuration/Poison/Air       3
 F - a book of Frost

   Spells                             Type                      Level
   a - Freeze                         Ice                          1
   b - Throw Frost                    Conjuration/Ice              2
   c - Ozocubu's Armour               Charms/Ice                   3
   d - Throw Icicle                   Conjuration/Ice              4
   e - Summon Ice Beast               Ice/Summoning                4
Comestibles
 f - 7 bread rations
 g - 6 royal jellies
 z - 6 meat rations


   Skills:
 - Level 2.6 Fighting
 + Level 15.5 Axes
 - Level 2.6 Armour
 - Level 2.6 Shields


You had 10 spell levels left.
You didn't know any spells.

Dungeon Overview and Level Annotations

Branches:
Dungeon (10/15)            Temple (0/1) D:5             Orc (0/2) D:10
   Lair: D:8-11

Shops:
D:6 ?

Annotations:
D:10 Sonja


Innate Abilities, Weirdness & Mutations

You have an increased reservoir of magic. (+10% MP)


Message History

You feel strangely unstable.
* * * LOW HITPOINT WARNING * * *
You feel extremely sick.
Sonja hits you with an uncursed short sword of venom.
* * * LOW HITPOINT WARNING * * *
Sonja hits you but does no damage.
You are more poisoned.
Sonja hits you but does no damage.
You are more poisoned.
Sonja hits you but does no damage. Sonja barely misses you.
Sonja hits you but does no damage.
You are more poisoned.
Unknown command.
You feel much better.
Your surroundings suddenly seem different.
* * * LOW HITPOINT WARNING * * *
You feel extremely sick.
* * * LOW HITPOINT WARNING * * *
You feel extremely sick.
You die...

#.#
##......###........###....
##.#
###......))..............
#..#
#.##.................##
#.##
####.#####.....####### #.#
### ##.#.## #.# ########
############# #.###
#......# .............
....## #......#
#...........
#.#..######.....@#
#.....<.....
#.##..^.....)......#
#######.####
#.#########......### ###.#
#.# ######## #...# #.#
#.### #'#### #.# .....#
#.# .....# ##†######
.....# #........


There were no monsters in sight!

Vanquished Creatures
  Gastronok (D:10)
  Erolcha (D:9)
  A two-headed ogre (D:8)
  Psyche (D:9)
  A troll (D:9)
  A hornet (D:7)
  Prince Ribbit (D:6)
  Grinder (D:6)
  2 hippogriffs
  Sigmund (D:3)
  A wyvern (D:10)
  2 hungry ghosts (D:10)
  Menkaure (D:4)
  3 black bears
  2 sky beasts
  3 ogres
  2 ice beasts
  5 phantoms
  4 centaurs
  4 big kobolds
  8 bullfrogs
  A gnoll sergeant (D:8)
  A scorpion (D:5)
  2 troll zombies (D:10)
  5 wights (D:7)
  A howler monkey (D:6)
  4 crimson imps
  2 centaur zombies
  2 hounds
  A jelly (D:8)
  A bullfrog skeleton (D:9)
  10 orc priests
  Crazy Yiuf (D:3)
  2 gnoll shamans
  A centaur skeleton (D:8)
  Jessica (D:2)
  3 iron imps (D:6)
  9 worker ants
  7 orc wizards
  4 ogre zombies (D:10)
  A hound skeleton (D:8)
  Robin (D:4)
  17 gnolls
  10 adders
  A shadow imp (D:6)
  3 worms
  3 dart slugs
  9 leopard geckos
  33 orcs
  2 giant cockroaches
  13 goblins
  9 hobgoblins
  7 jackals
  2 quokkas
  3 ball pythons
  4 bats
  4 frilled lizards
  A giant cockroach zombie (D:6)
  A goblin skeleton (D:10)
  A goblin zombie (D:10)
  A hobgoblin skeleton (D:10)
  2 hobgoblin zombies (D:10)
  28 kobolds
  3 leopard gecko skeletons
  3 orc skeletons (D:10)
  9 orc zombies (D:10)
  A quokka skeleton (D:6)
  A quokka zombie (D:5)
  9 rats
286 creatures vanquished.

Notes
Turn   | Place    | Note
-------+----------+-------------------------------------------
     0 | D:1      | Nirn the Demigod Fighter began the quest for the Orb.
     0 | D:1      | Reached XP level 1. HP: 18/18 MP: 3/3
    77 | D:1      | Reached skill level 2 in Axes
   376 | D:1      | Reached XP level 2. HP: 17/25 MP: 4/4
   770 | D:2      | Reached skill level 3 in Axes
   898 | D:2      | Reached XP level 3. HP: 20/30 MP: 5/5
  1103 | D:2      | Noticed Jessica
  1111 | D:2      | Killed Jessica
  1111 | D:2      | Reached skill level 4 in Axes
  1488 | D:2      | Reached XP level 4. HP: 36/37 MP: 6/6
  1753 | D:3      | Noticed Sigmund
  2012 | D:3      | Found a sacrificial altar of Ru.
  2012 | D:3      | Found a white marble altar of Elyvilon.
  2013 | D:3      | Found an ornate altar of the Wu Jian Council.
  2121 | D:3      | Killed Sigmund
  2121 | D:3      | Reached skill level 6 in Axes
  2121 | D:3      | Reached XP level 5. HP: 40/42 MP: 7/7
  2126 | D:3      | Reached XP level 6. HP: 48/50 MP: 8/8
  2662 | D:3      | Found a runed door.
  2700 | D:3      | Noticed Crazy Yiuf
  2703 | D:3      | Killed Crazy Yiuf
  2789 | D:4      | Noticed Menkaure
  2803 | D:4      | Killed Menkaure
  3006 | D:4      | Reached skill level 7 in Axes
  3188 | D:4      | Noticed Robin
  3199 | D:4      | Killed Robin
  3367 | D:4      | Reached XP level 7. HP: 56/56 MP: 9/9
  3982 | D:5      | Entered Level 5 of the Dungeon
  3997 | D:5      | Reached skill level 8 in Axes
  4117 | D:5      | Found a staircase to the Ecumenical Temple.
  4288 | D:5      | Found a radiant altar of Vehumet.
  4370 | D:5      | Reached skill level 9 in Axes
  4468 | D:5      | Reached XP level 8. HP: 59/62 MP: 10/10
  4919 | D:5      | Reached skill level 10 in Axes
  5434 | D:6      | Found Gyduif's Magic Scroll Shop.
  5662 | D:6      | Noticed Prince Ribbit
  5693 | D:6      | Killed Prince Ribbit
  5735 | D:6      | Found a burning altar of Makhleb.
  5782 | D:6      | Reached skill level 11 in Axes
  6029 | D:6      | Noticed Grinder
  6042 | D:6      | Killed Grinder
  6042 | D:6      | Reached XP level 9. HP: 28/68 MP: 11/11
  6123 | D:6      | Found a glowing golden altar of the Shining One.
  6243 | D:6      | Bought a scroll of enchant weapon for 82 gold pieces
  6243 | D:6      | Bought a scroll of blinking for 82 gold pieces
  6243 | D:6      | Bought a scroll of enchant armour for 82 gold pieces
  6243 | D:6      | Bought a scroll of fog for 22 gold pieces
  6243 | D:6      | Bought a scroll of fear for 38 gold pieces
  6282 | D:7      | Found a shattered altar of Ashenzari.
  6320 | D:7      | Paralysed by a hornet for 2 turns
  6436 | D:7      | Found a snail-covered altar of Cheibriados.
  6747 | D:7      | Reached skill level 12 in Axes
  7254 | D:7      | Found a sparkling altar of Nemelex Xobeh.
  7556 | D:8      | Reached skill level 13 in Axes
  7563 | D:8      | Noticed a two-headed ogre
  7573 | D:8      | Killed a two-headed ogre
  7573 | D:8      | Reached XP level 10. HP: 41/74 MP: 13/13
  8878 | D:9      | Reached skill level 14 in Axes
  8949 | D:9      | Found a bloodstained altar of Trog.
  9117 | D:9      | Noticed Erolcha
  9165 | D:9      | HP: 3/74 [Erolcha/bolt of lightning (27)]
  9167 | D:9      | Killed Erolcha
  9335 | D:9      | Noticed Psyche
  9343 | D:9      | Killed Psyche
  9463 | D:10     | Entered Level 10 of the Dungeon
  9593 | D:10     | Found a glowing golden altar of the Shining One.
  9841 | D:10     | Noticed Gastronok
  9865 | D:10     | Killed Gastronok
  9865 | D:10     | Reached skill level 15 in Axes
  9865 | D:10     | Reached XP level 11. HP: 52/81 MP: 14/14
  9916 | D:10     | Found a staircase to the Orcish Mines.
 10001 | D:10     | Noticed Sonja
 10013 | D:10     | Succumbed to Sonja's poison

Vault maps used:
D:1:      dpeg_arrival_court, minmay_tiny_reverse_x
D:2:      kb_forest_paths, nicolae_overflow_hidden_temple, uniq_jessica
D:3:      gammafunk_temple_overflow_claw, uniq_sigmund, uniq_crazy_yiuf_cottage
D:4:      first_bread, corner_web_ring, uniq_menkaure, uniq_robin
D:5:      lemuel_crystal_altar, minmay_temple_entry_crystal_x,
          nrook_loot_triangle, grunt_ministairs_6
D:6:      kennysheep_mini_moat, demons_altar, serial_shops,
          nicolae_shop_waterfront, minmay_misc_feat_rows, uniq_grinder,
          uniq_prince_ribbit1
D:7:      kennysheep_mini, evilmike_ruin_ashenzari, overflow_temple_1_default
D:9:      trog_ov_bears_minmay, uniq_erolcha, uniq_psyche
D:10:     zombieorc1_lemuel, nicolae_tso_carved_into_rock, uniq_gastronok,
          uniq_sonja

Skill      XL: |  1  2  3  4  5  6  7  8  9 10 |
---------------+-------------------------------+-----
Axes           | 2 3 4 6 7 9 11 13 15 | 15.5
Fighting       | |  2.6
Armour         | |  2.6
Shields        | |  2.6

Action                   |  1- 3 |  4- 6 |  7- 9 | 10-12 || total
-------------------------+-------+-------+-------+-------++-------
Melee: War axe           |    98 |   144 |   442 |   238 ||   922
Throw: Javelin           |       |     6 |     8 |     5 ||    19
  Use: Scroll            |     6 |     3 |     9 |     8 ||    26
       Potion            |       |       |     4 |    10 ||    14
 Stab: Invisible         |       |       |       |     1 ||     1
  Eat: Chunk             |     1 |     7 |    12 |     7 ||    27
       Fruit             |       |       |     2 |     1 ||     3
Armor: Ring mail         |    64 |     9 |       |       ||    73
       Scale mail        |     7 |       |       |       ||     7
       Plate armour      |       |   101 |   259 |   170 ||   530
Dodge: Dodged            |    71 |    48 |   124 |    55 ||   298
       Deflected         |       |       |       |     2 ||     2

Table legend:
 A = Spawn XP
 B = Non-spawn XP
 C = Spawn XP percentage of total XP
 D = Spawn monster count
 E = Non-spawn monster count
 F = Spawn count percentage of total count
 G = Total turns spent on level
                    A         B        C        D         E        F      G
               +---------+---------+-------+---------+---------+-------+---------
         Total |       0 |   14486 |   0.0 |       0 |     286 |   0.0 | 10013
               +---------+---------+-------+---------+---------+-------+---------
           D:1 |       0 |      23 |   0.0 |       0 |      13 |   0.0 |   699
           D:2 |       0 |     105 |   0.0 |       0 |      23 |   0.0 |  1047
           D:3 |       0 |     426 |   0.0 |       0 |      32 |   0.0 |  1042
           D:4 |       0 |     547 |   0.0 |       0 |      33 |   0.0 |  1194
           D:5 |       0 |    1169 |   0.0 |       0 |      24 |   0.0 |  1335
           D:6 |       0 |    1319 |   0.0 |       0 |      28 |   0.0 |   948
           D:7 |       0 |    1937 |   0.0 |       0 |      37 |   0.0 |  1185
           D:8 |       0 |    1824 |   0.0 |       0 |      21 |   0.0 |  1098
           D:9 |       0 |    3274 |   0.0 |       0 |      31 |   0.0 |   915
          D:10 |       0 |    3862 |   0.0 |       0 |      44 |   0.0 |   550
               +---------+---------+-------+---------+---------+-------+---------
